 Dungeon Crawl Stone Soup version 0.27.1-33-g824d729ab1 (webtiles) character file.

Game seed: 6342887827621419210

1186 lordive the Archer (level 8, -2/67 HPs)
             Began as a Minotaur Hunter on Dec 27, 2021.
             Was a Believer of Okawaru.
             Slain by Maggie (3 damage)
             ... on level 6 of the Dungeon.
             The game lasted 00:09:10 (5171 turns).

lordive the Archer (Minotaur Hunter)                Turns: 5171, Time: 00:09:10

Health: -2/67      AC: 21    Str: 16    XL:     8   Next: 19%
Magic:  7/9        EV: 10    Int:  8    God:    Okawaru [**....]
Gold:   231        SH:  0    Dex: 14    Spells: 7/7 levels left

rFire    + . .     SeeInvis .   D - +4 flail (protect)
rCold    . . .     Faith    .   (no shield)
rNeg     . . .     Spirit   .   s - +0 chain mail
rPois    .         Reflect  .   (helmet restricted)
rElec    .         Harm     .   (no cloak)
rCorr    .         Rampage  .   (no gloves)
Will     .....                  (no boots)
Stlth    ..........             (no amulet)
HPRegen  0.21/turn              i - +4 ring of protection
MPRegen  0.11/turn              j - ring of protection from fire

@: heroic, under a protective aura, mesmerised
A: horns 2, retaliatory headbutt
a: Renounce Religion, Heroism


You were on level 6 of the Dungeon.
You worshipped Okawaru.
Okawaru was pleased with you.
You visited 2 branches of the dungeon, and saw 7 of its levels.

You collected 231 gold pieces.

Inventory:

Hand Weapons
 a - a +1 shortbow
 v - a +0 falchion
 C - a +3 mace of draining
 D - a +4 flail of protection (weapon)
Missiles
 d - 26 arrows
Armour
 l - a +0 ring mail
 s - a +0 chain mail (worn)
Magical Staves
 p - a staff of earth
Jewellery
 g - a ring of fire
 i - a +4 ring of protection (left hand)
 j - a ring of protection from fire (right hand)
 o - a ring of willpower
 A - a +4 ring of evasion
Wands
 y - a wand of iceblast (20)
Scrolls
 h - a scroll of acquirement {unknown}
 m - 2 scrolls of blinking {unknown}
 n - a scroll of enchant armour {unknown}
 q - 2 scrolls of noise {unknown}
 t - 2 scrolls of identify {unknown}
 w - a scroll of immolation {unknown}
 x - a scroll of vulnerability {unknown}
Potions
 b - a potion of haste {unknown}
 e - a potion of attraction {unknown}
 f - a potion of lignification {unknown}
 k - a potion of flight {unknown}
 u - a potion of brilliance {unknown}
 z - a potion of ambrosia {unknown}
 B - 3 potions of magic {unknown}
 E - 3 potions of might {unknown}


   Skills:
 + Level 4.7(9.7) Fighting
 + Level 1.8(6.8) Long Blades
 + Level 9.4(14.4) Bows
 + Level 3.1(8.1) Armour
 + Level 2.6(7.6) Dodging
 + Level 1.4(6.4) Stealth
 * Level 2.9 Invocations


You had 7 spell levels left.
You didn't know any spells.
Your spell library contained the following spells:

 Spells                   Type           Power      Damage    Failure   Level
 Sandblast                Erth           0%         2d4       99%         1
 Shock                    Conj/Air       0%         1d3       99%         1
 Passwall                 Tmut/Erth      0%         N/A       100%        2
 Swiftness                Air            0%         N/A       100%        3
 Airstrike                Air            0%         N/A       100%        4
 Lee's Rapid Deconstruct  Erth           0%         3d5*      100%        5


Dungeon Overview and Level Annotations

Branches:
Dungeon (6/15)             Temple (1/1) D:4

Altars:
Ashenzari
Cheibriados
Dithmenos
Elyvilon
Fedhas
Gozag
Hepliaklqana
Kikubaaqudgha
Makhleb
Nemelex Xobeh
Okawaru
Qazlal
Ru
Sif Muna
Trog
Vehumet
Wu Jian
Zin

Shops:
D:1 [

Annotations:
D:6 Maggie


Innate Abilities, Weirdness & Mutations

You have a pair of horns on your head.
You reflexively headbutt those who attack you in melee.


Message History

Fire: 28 arrows
Press: ? - help, Q - select action, (/) - cycle Shift-Dir - straight line, f/p - Maggie
Aim: Maggie, wielding the +9 lance "Wyrmbane" {slay drac, rPois rF+ rC+ AC+3} and wearing +0 swamp dragon scales (heavily wounded, 73% to hit)
You shoot an arrow. The arrow barely misses Maggie.
Fire: 27 arrows
Press: ? - help, Q - select action, (/) - cycle Shift-Dir - straight line, f/p - Maggie
Aim: Maggie, wielding the +9 lance "Wyrmbane" {slay drac, rPois rF+ rC+ AC+3} and wearing +0 swamp dragon scales (heavily wounded, 73% to hit)
You shoot an arrow. The arrow hits Maggie!
Maggie is heavily wounded.
Maggie closely misses you.
You feel better.
Maggie hits you with the +9 lance "Wyrmbane" {slay drac, rPois rF+ rC+ AC+3}!
* * * LOW HITPOINT WARNING * * *
Unknown command.
As you read the scroll labelled LACIOPT AJODO, it crumbles to dust.
It is a scroll of enchant weapon.
Really abort (and waste the scroll)? [Y]es or [N]o only, please.
Really abort (and waste the scroll)? [Y]es or [N]o only, please.
Really abort (and waste the scroll)? [Y]es or [N]o only, please.
Really abort (and waste the scroll)?
Okay, then.
Maggie casts a spell at you. The bolt of fire hits you! You resist.
* * * LOW HITPOINT WARNING * * *
Your +4 flail of protection hums with potential!
D - a +4 flail of protection (weapon)
You thump Maggie!
Your weapon exudes an aura of protection.
You headbutt Maggie.
Maggie is almost dead.
Maggie gestures wildly while chanting.
Maggie attempts to bespell you!
You are mesmerised by Maggie!
You hit Maggie but do no damage.
Maggie is almost dead.
Maggie hits you with the +9 lance "Wyrmbane" {slay drac, rPois rF+ rC+ AC+3}.
You die...

###### .....# ####.#
############ #..#.#
#....(.(.... #..#.#
#...(....... #..#.#
#..(.....!.. #..#>#
#...@@..!..(
#.<#.########......((...
............'...>.(..(..
.....########.........(.
#.#### #...........
....# #........... #.#.#
#...[....... #.#.#
#........... #.#.#
####.####.


You could see Maggie (mesmerising).

Vanquished Creatures
  Grinder (D:4)
  A sky beast (D:6)
  A centaur (D:5)
  A phantom (D:5)
  3 scorpions (D:5)
  A howler monkey (D:4)
  A centaur skeleton (D:6)
  A jelly (D:4)
  2 orc priests (D:4)
  2 hounds
  A bullfrog skeleton (D:6)
  Jessica (D:2)
  6 iguanas
  4 gnolls (D:5)
  2 adders
  An adder skeleton (D:4)
  2 worms (D:4)
  2 dart slugs
  10 orcs
  7 bats
  4 endoplasms
  A giant cockroach (D:3)
  9 goblins
  5 hobgoblins
  11 jackals
  7 kobolds
  8 ball pythons
  2 frilled lizards (D:1)
  6 rats
103 creatures vanquished.

Vanquished Creatures (others)
  2 plants (D:4)
2 creatures vanquished.

Grand Total: 105 creatures vanquished

Notes
Turn   | Place    | Note
-------+----------+-------------------------------------------
     0 | D:1      | lordive the Minotaur Hunter began the quest for the Orb.
     0 | D:1      | Reached XP level 1. HP: 18/18 MP: 0/0
   114 | D:1      | Reached XP level 2. HP: 25/25 MP: 1/1
   139 | D:1      | Reached skill level 5 in Bows
   232 | D:1      | Found Zuufib's Antique Armour Emporium.
   326 | D:1      | Reached XP level 3. HP: 23/30 MP: 2/2
   477 | D:1      | Found a faded altar of an unknown god.
   738 | D:2      | Noticed Jessica
   740 | D:2      | Killed Jessica
  1172 | D:2      | Reached skill level 1 in Stealth
  1279 | D:2      | Found an ornate altar of the Wu Jian Council.
  1325 | D:3      | Reached XP level 4. HP: 37/37 MP: 3/3
  1361 | D:3      | Reached skill level 6 in Bows
  1433 | D:3      | Reached skill level 1 in Armour
  1626 | D:3      | Reached XP level 5. HP: 34/45 MP: 4/4
  1729 | D:3      | Found an ancient bone altar of Kikubaaqudgha.
  1922 | D:4      | Reached skill level 7 in Bows
  1927 | D:4      | Found a white marble altar of Elyvilon.
  1981 | D:4      | Reached XP level 6. HP: 33/51 MP: 5/5
  2092 | D:4      | Found a staircase to the Ecumenical Temple.
  2142 | Temple   | Entered the Ecumenical Temple
  2370 | Temple   | Became a worshipper of Warmaster Okawaru
  2907 | D:4      | Found a glowing silver altar of Zin.
  2936 | D:4      | Noticed Grinder
  2942 | D:4      | Paralysed by Grinder for 2 turns
  2948 | D:4      | Killed Grinder
  2948 | D:4      | Reached * piety under Okawaru
  2949 | D:4      | Reached skill level 8 in Bows
  2949 | D:4      | Reached skill level 1 in Invocations
  2949 | D:4      | Reached XP level 7. HP: 50/58 MP: 6/6
  3329 | D:5      | Entered Level 5 of the Dungeon
  3790 | D:5      | Reached skill level 9 in Bows
  4143 | D:5      | Reached skill level 1 in Long Blades
  4485 | D:5      | Reached ** piety under Okawaru
  4489 | D:5      | Reached XP level 8. HP: 22/67 MP: 6/8
  5145 | D:6      | Noticed Maggie
  5168 | D:6      | HP: 1/67 [Maggie/bolt of fire (11)]
  5171 | D:6      | Slain by Maggie

Illustrated notes

Levels and vault maps discovered:
D:1:      dpeg_arrival_yet_another_circle, layout_rooms,
          dreamdust_ecumenical_altar_sealed_demon, serial_shops, shop,
          minmay_surrounded
D:2:      layout_loops_ring, basic_altar, chequers_serial_rivers_marsh,
          uniq_jessica
D:3:      layout_basic, kiku_gazebo_garden_becter
D:4:      layout_loops_corners, zin_statuary, mainiacjoe_overflow_boulevard,
          minmay_temple_entry_large_hall, uniq_grinder
D:5:      layout_cave_pools, grunt_ministairs_11
D:6:      layout_basic, lemuel_crystal_altar, minivault_19, uniq_maggie
Temple:   eino_temple_water

Skill      XL: |  1  2  3  4  5  6  7  8 |
---------------+-------------------------+-----
Bows           | 5 6 7 8 9 |  9.4
Stealth        | 1 |  1.4
Armour         | 1 2 3 |  3.1
Fighting       | 3 4 |  4.7
Invocations    | 1 2 |  2.9
Long Blades    | 1 |  1.8
Dodging        | |  2.6

Action                   |  1- 3 |  4- 6 |  7- 9 || total
-------------------------+-------+-------+-------++-------
Melee: Falchion          |       |       |    59 ||    59
       Headbutt          |       |       |     9 ||     9
       Flail             |       |       |     2 ||     2
 Fire: Shortbow          |    82 |   137 |   122 ||   341
Invok: Heroism           |       |       |     2 ||     2
  Use: Potion            |       |       |     2 ||     2
       Scroll            |       |       |     1 ||     1
Armor: Leather armour    |     8 |       |       ||     8
       Ring mail         |       |     6 |       ||     6
       Chain mail        |       |     4 |    92 ||    96
Dodge: Dodged            |    24 |    17 |    50 ||    91
       Rpst.: Falchion   |       |       |     7 ||     7
